 Dungeon Crawl Stone Soup version 0.29.0-4-gdea44cf6ec (webtiles) character file.

Game seed: 4186983719301934256

44 qw the Chopper (level 3, -5/21 HPs)
             Began as a Tengu Warper on Aug 28, 2022.
             Slain by a hobgoblin (6 damage)
             ... led by Robin
             ... on level 2 of the Dungeon.
             The game lasted 00:00:07 (1847 turns).

qw the Chopper (Tengu Warper)                       Turns: 1847, Time: 00:00:07

Health: -5/21      AC: 10    Str: 13    XL:     3   Next: 62%
Magic:  7/7        EV:  3    Int: 13    God:
Gold:   75         SH:  0    Dex: 13    Spells: 6/6 levels left

rFire   . . .      SeeInvis .   Y - +0 hand axe
rCold   . . .      Faith    .   (no shield)
rNeg    . . .      Spirit   .   k - +0 plate armour
rPois   .          Reflect  .   (helmet restricted)
rElec   .          Harm     .   (no cloak)
rCorr   .          Rampage  .   (no gloves)
Will    .....                   (boots unavailable)
Stlth   ..........              h - amulet of the acrobat
HPRegen 0.07/turn               (no ring)
MPRegen 0.10/turn               (no ring)

@: no status effects
A: beak, talons 3
a: no special abilities


You were on level 2 of the Dungeon.
You visited 1 branch of the dungeon, and saw 2 of its levels.

You collected 75 gold pieces.


Innate Abilities, Weirdness & Mutations

You have a beak for a mouth.
You have claws for feet.


   Skills:
 - Level 2.0 Fighting
 - Level 4.0 Axes
 - Level 1.0 Throwing
 + Level 1.8 Armour
 - Level 2.1 Dodging
 - Level 2.0 Spellcasting
 - Level 2.4 Translocations


You had 6 spell levels left.
You didn't know any spells.
Your spell library contained the following spells:

 Spells                   Type           Power      Damage    Failure   Level
 Blink                    Tloc           14%        N/A       100%        2
 Gell's Gravitas          Tloc           7%         N/A       100%        3
 Lesser Beckoning         Tloc           7%         N/A       100%        3
 Teleport Other           Tloc           7%         N/A       100%        3
 Manifold Assault         Tloc           7%         N/A       100%        5

Inventory:

Hand Weapons
 a - a +0 whip
 Y - a +0 hand axe (weapon)
Armour
 k - a +0 plate armour (worn)
Jewellery
 h - an amulet of the acrobat (around neck)
Potions
 d - a potion of attraction {unknown}
 f - a potion of cancellation
 i - a potion of flight {unknown}

Dungeon Overview and Level Annotations

Branches:
Dungeon (2/15)

Altars:

Annotations:
D:2 Robin


Message History

You closely miss the goblin. You closely miss the hobgoblin.
The goblin hits you with a +0 club. The hobgoblin hits you.
You barely miss the goblin.
The goblin is moderately wounded.
You closely miss the hobgoblin. Robin throws the goblin at you!
The goblin barely misses you.
A rat comes into view.
The goblin hits you but does no damage.
You closely miss the goblin. Your kick misses the goblin.
The goblin is moderately wounded.
You hit the dart slug but do no damage. You hit the hobgoblin but do no damage.
You hit the goblin. Robin throws the goblin at you!
The hobgoblin hits you but does no damage.
The goblin hits you but does no damage. The goblin barely misses you.
The goblin hits you but does no damage.
The dart slug bites you but does no damage.
You barely miss the goblin. You claw the goblin.
You kill the goblin!
You barely miss the goblin. You completely miss the dart slug.
You barely miss the hobgoblin. You completely miss the goblin.
Robin throws the goblin at you! The hobgoblin hits you.
The goblin hits you but does no damage.
A hobgoblin comes into view.
The goblin hits you but does no damage. The goblin barely misses you.
You hit the goblin.
You kill the goblin!
You hit the hobgoblin. You closely miss the goblin. You hit the goblin.
You hit the dart slug. The hobgoblin hits you.
The goblin hits you but does no damage.
The dart slug bites you but does no damage.
The goblin hits you but does no damage.
You hit the dart slug.
You peck the dart slug, but do no damage.
The dart slug is heavily wounded.
You hit the goblin. You hit the hobgoblin but do no damage. You hit the goblin.
You kill the goblin!
Robin says, "My army is invincible!"
The hobgoblin hits you.
You die... .....# # .#..#. .#..#. gr.. gg.### #ggg.

# #gw# .## #@g#
... ..#####))# ..
.........#.##.#
...#####........#
##.## #........#
#...# #.###.##.#
#...# #.# ... .
#...# #.# ....
#####...#####.#
.....


You could see Robin, a dart slug, 6 hobgoblins, a goblin and a rat.

Vanquished Creatures
  2 adders (D:2)
  A dart slug (D:2)
  A bat (D:1)
  9 goblins
  4 hobgoblins
  2 quokkas
  2 kobolds
  2 rats (D:1)
23 creatures vanquished.

Notes
Turn   | Place    | Note
-------+----------+-------------------------------------------
     0 | D:1      | qw the Tengu Warper began the quest for the Orb.
     0 | D:1      | Reached XP level 1. HP: 12/12 MP: 4/4
     0 | D:1      | 0 ||| qw: Version: 0.1-a-89-g26bdef1
     0 | D:1      | 0 ||| qw: Game counter: 2205
     0 | D:1      | 0 ||| qw: Always use a shield: true
     0 | D:1      | 0 ||| qw: God list: Okawaru
     0 | D:1      | 0 ||| qw: Allow faded altars: false
     0 | D:1      | 0 ||| qw: Do Orc after D:15 true
     0 | D:1      | 0 ||| qw: Do second Lair branch before Depths: true
     0 | D:1      | 0 ||| qw: Lair rune preference: random
     0 | D:1      | 0 ||| qw: Plans: Normal
     0 | D:1      | 0 ||| PLANNING D:1-11
    78 | D:1      | 78 ||| Stepping ~*~*~tactically~*~*~ (stealth).
   413 | D:1      | Reached skill level 3 in Axes
   413 | D:1      | Reached XP level 2. HP: 15/17 MP: 6/6
   753 | D:1      | Found a faded altar of an unknown god.
  1140 | D:1      | 1140 ||| UPGRADING to +0 ring mail.
  1150 | D:1      | 1150 ||| DROPPING +0 leather armour.
  1151 | D:1      | 1151 ||| UPGRADING to +0 plate armour.
  1161 | D:1      | 1161 ||| DROPPING +0 ring mail.
  1162 | D:1      | 1162 ||| UPGRADING to amulet of the acrobat.
  1167 | D:1      | 1167 ||| READING scroll labelled DIUFFE SUTSUDA.
  1170 | D:1      | 1170 ||| DRINKING 2 brown potions.
  1171 | D:1      | 1171 ||| DROPPING scroll of blinking.
  1220 | D:2      | 1220 ||| DROPPING +0 club.
  1352 | D:2      | Reached XP level 3. HP: 9/21 MP: 7/7
  1355 | D:2      | HP: 5/21 [poisoned by an adder]
  1666 | D:2      | Reached skill level 4 in Axes
  1837 | D:2      | Noticed Robin
  1845 | D:2      | HP: 5/21 [hobgoblin[Robin] (2)]
  1846 | D:2      | HP: 1/21 [hobgoblin[Robin] (5)]
  1847 | D:2      | Slain by a hobgoblin

Levels and vault maps discovered:
D:1:      dpeg_arrival_round_b, layout_loops_corners, basic_ecumenical_altar,
          chequers_serial_rivers_large_b, minmay_crystal_water,
          serial_bayou_ford_a
D:2:      layout_loops_cross, eino_tiny_chamber, uniq_sigmund, uniq_terence,
          uniq_robin

Skill      XL: |  1  2  3 |
---------------+----------+-----
Axes           | 3 4 |  4.0
Fighting       | |  2.0
Throwing       | |  1.0
Armour         | |  1.8
Dodging        | |  2.1
Spellcasting   | |  2.0
Translocations | |  2.4

Action                   || total
-------------------------++-------
Melee: Hand axe          ||    45
       Kick              ||     8
       Peck              ||     7
       Punch             ||     2
Throw: Boomerang         ||     7
  Use: Scroll            ||     1
       Potion            ||     1
Armor: Leather armour    ||     1
       Plate armour      ||    32
Dodge: Dodged            ||    16

Table legend:
 A = Non-vault XP
 B = Vault XP
 C = Vault XP percentage of total XP
 D = Non-vault monster count
 E = Vault monster count
 F = Vault count percentage of total count
                 A         B        C        D         E       F
            +---------+---------+-------+---------+---------+-------
      Total |      54 |      12 |  18.2 |      17 |       6 |  26.1
            +---------+---------+-------+---------+---------+-------
        D:1 |      17 |       0 |   0.0 |      10 |       0 |   0.0
        D:2 |      37 |      12 |  24.5 |       7 |       6 |  46.2
            +---------+---------+-------+---------+---------+-------
